 Dungeon Crawl Stone Soup version 0.14-a0-2327-g5ff15cf (webtiles) character file.

200096 4tharraofdagon the Impaler (level 18, -4/96 HPs)
             Began as a Vine Stalker Fire Elementalist on Jan 28, 2014.
             Was an Elder of Cheibriados.
             Killed from afar by a spriggan air mage (17 damage)
             ... with a bolt of lightning
             ... on Level 6 of the Depths on Jan 29, 2014.
             The game lasted 02:43:44 (15248 turns).

4tharraofdagon the Impaler (VSFE)                  Turns: 15248, Time: 02:43:44

HP  -4/96        AC 19     Str 32      XL: 18   Next: 90%
MP   0/34        EV 19     Int 25      God: Cheibriados [****..]
Gold 1222        SH  0     Dex 24      Spells: 10 memorised,  6 levels left

rFire  + + .     SeeInvis +     r - +10,+4 bardiche of Amortisation {chop, Str+2}
rCold  + . .     Clarity  .     e - -1 fire dragon armour
rNeg   . . .     Conserve .     (no shield)
rPois  .         rCorr    .     t - +1 helmet
rElec  .         rRot     +     g - +0 cloak
SustAb . .       Spirit   +     k - +0 pair of gloves {rC+}
rMut   .         Warding  .     C - +0 pair of boots
Saprov . . .     Stasis   +     n - amulet of stasis
MR     ++...                    p - +4,+5 ring of slaying
                                Z - ring of Pops {rC+ SInv}

@: very slow, very resistant to hostile enchantments, very unstealthy
A: fangs 3, talons 1, yellow scales 1, blurry vision 1, fast metabolism 1,
regeneration 3, spit poison 1, teleportitis 1, magic shield, antimagic bite, no
device heal
a: Spit Poison, Bend Time, Temporal Distortion, Slouch, Renounce Religion


You were on level 6 of the Depths.
You worshipped Cheibriados.
Cheibriados was greatly pleased with you.
You were not hungry.

You visited 7 branches of the dungeon, and saw 39 of its levels.
You visited the Abyss 1 time.
You also visited: Labyrinth, Sewer and Ice Cave.

You collected 3230 gold pieces.
You spent 2008 gold pieces at shops.

Inventory:

Hand weapons
 o - a +0 blowgun of evasion
 r - the +10,+4 bardiche of Amortisation (weapon) {chop, Str+2}
   (You took it off a deep elf conjurer on level 3 of the Elven Halls)

   It inflicts extra damage upon your enemies.
   It affects your strength (+2).
 O - a +2,+5 bardiche of protection
Missiles
 b - 15 curare-tipped needles
Armour
 e - a -1 fire dragon armour (worn)
 g - a +0 cloak (worn)
 k - a +0 pair of gloves of cold resistance (worn)
 s - the -3 cloak of Ugreejad {Str+1 Int+4}
   (You found it on level 3 of the Elven Halls)

   It affects your strength (+1).
   It affects your intelligence (+4).
 t - a +1 helmet (worn)
 C - a +0 pair of boots (worn)
 V - a -1 elven cloak
Magical devices
 d - a wand of cold (4)
 f - a wand of digging (2)
 h - a wand of cold (9)
 j - a wand of fire (5)
 m - a wand of digging (16)
 x - a wand of cold (8)
 B - a wand of digging (13)
 E - a wand of enslavement (1)
 F - a wand of digging (16)
 G - a wand of disintegration (15)
 H - a wand of digging (5)
 W - a wand of lightning (6)
 X - a wand of disintegration (11)
Comestibles
 c - 13 bread rations
 M - 15 meat rations
Scrolls
 A - a scroll of teleportation
 N - a scroll of identify
 R - a scroll of noise
Jewellery
 l - an uncursed ring of protection from cold {unknown}
 n - an amulet of stasis (around neck)
 p - a +4,+5 ring of slaying (right hand)
 v - a +3 ring of evasion
 y - an uncursed ring of wizardry
 z - an uncursed ring of sustain abilities
 I - an uncursed ring of positive energy
 K - an uncursed ring of sustain abilities
 L - an uncursed ring of poison resistance
 P - an uncursed ring of protection from magic
 Z - the ring of Pops (left hand) {rC+ SInv}
   (You bought it in a shop on level 4 of the Orcish Mines)

   [ring of see invisible]

   It protects you from cold.
Potions
 i - 3 potions of restore abilities
 q - 2 potions of brilliance
 u - 4 potions of curing
Books
 S - a tome of Destruction
 U - a Necronomicon {highlevel}

   This book is beyond your current level of understanding.

   Spells                             Type                      Level
   Haunt                              Necromancy/Summoning         7
   Borgnjor's Revivification          Necromancy                   8
   Death's Door                       Charms/Necromancy            8
   Necromutation                      Transmutation/Necromancy     8
 Y - Vehumet's Compendium of Axaxaxas mlö
   (You found it on level 4 of the Depths)

   Spells                             Type                      Level
   Stone Arrow                        Conjuration/Earth            3
   *Sticky Flame                      Conjuration/Fire             4
   Delayed Fireball                   Conjuration/Fire             7
Magical staves
 D - an uncursed staff of wizardry
 T - an uncursed staff of air
Miscellaneous
 a - a plain deck of dungeons {Water}
 J - a plain deck of war {the Elixir}
 Q - a legendary deck of escape {the Portal}


   Skills:
 + Level 11.2 Fighting
 * Level 15.3 Polearms
 + Level 10.2 Armour
 + Level 10.1 Dodging
 - Level 2.4 Stealth
   Level 4.1 Shields
 - Level 8.0 Spellcasting
 - Level 6.0 Conjurations
 - Level 3.0 Charms
 * Level 7.1 Necromancy
 - Level 6.5 Fire Magic
 + Level 11.4 Invocations
 + Level 10.9 Evocations


You had 6 spell levels left.
You knew the following spells:

 Your Spells              Type           Power        Failure   Level  Hunger
a - Flame Tongue          Conj/Fire      #####        1%          1    None
b - Conjure Flame         Conj/Fire      #####...     1%          3    None
c - Sticky Flame          Conj/Fire      #####...     8%          4    ##.....
d - Fireball              Conj/Fire      #####.....   17%         5    ####...
e - Regeneration          Chrm/Necr      #####.....   2%          3    None
f - Repel Missiles        Chrm/Air       ###.......   8%          2    None
g - Shroud of Golubria    Chrm/Tloc      ###.......   8%          2    None
h - Song of Slaying       Chrm           ####....     3%          2    None
i - Cure Poison           Pois           ##........   12%         2    None
j - Flight                Chrm/Air       ###.......   12%         3    None


Dungeon Overview and Level Annotations

Branches:
Dungeon (16/16)            Temple (1/1) D:6             Orc (4/4) D:11
    Elf (3/3) Orc:4          Lair (8/8) D:11          Swamp (1/5) Lair:6
 Spider (0/5) Lair:3        Slime (0/6) Lair:8       Vaults (0/5) D:15
 Depths (6/6) D:16
    Zot: Depths:6

Altars:
Ashenzari
Cheibriados
Dithmengos
Elyvilon
Fedhas
Kikubaaqudgha
Makhleb
Sif Muna
Trog
Xom
Yredelemnul
Zin
The Shining One
Beogh

Shops:
D:12 (   D:14 [   Orc:4 *(=[   Elf:3 *

Portals:
Hell: Depths:3 Depths:4
Abyss: Depths:4
Pandemonium: Depths:3
Ziggurat: Depths:1
Trove: D:13 (give +6,+6 demon whip)

Annotations:
D:3 Jessica
D:6 Menkaure
D:7 4tharraofdagon's ghost, experienced VSFE; Sigmund
Elf:2 Jorgrun
Swamp:1 Agnes


Innate Abilities, Weirdness & Mutations

You have razor-sharp teeth.
You regenerate.
When hurt, damage is shared between your health and your magic reserves.
Your bite disrupts and absorbs the magic of your enemies.
Potions and wands cannot restore your HP.
You have sharp toenails.
You are partially covered in yellow scales (AC +2).
Your vision is a little blurry.
You have a fast metabolism.
You can spit poison.
Space occasionally distorts in your vicinity.


Message History

You slice the stone giant!! You bite the stone giant. You drain its power.
You feel invigorated.
You kill the stone giant!
Cheibriados appreciates the change of pace.
The spriggan air mage hits you.
A spriggan air mage comes into view.
You barely miss the spriggan air mage. You bite the spriggan air mage.
You drain its magic.
You feel invigorated.
The spriggan air mage is lightly wounded.
The spriggan air mage closely misses you.
The spriggan air mage barely misses you.
You completely miss the spriggan air mage.
Your bite misses the spriggan air mage.
The spriggan air mage is lightly wounded.
The spriggan air mage barely misses you.
The spriggan air mage gestures at you while chanting.
The bolt of lightning hits you!
* * * LOW HITPOINT WARNING * * *
The bolt of lightning hits you!
You die...

###..#
#.)#
#..+
+..#
##§+
+..# #.#
#..# #.#
##.(###
...
#.....#
##+
#'###..#
#.#i##.#
##@# .#
### #


You could see a spriggan air mage.

Vanquished Creatures
  Sojobo (Depths:6)
  Nikola (Elf:2)
  2 tentacled monstrosities
  A deep elf blademaster (Elf:3)
  2 deep elf master archers (Elf:3)
  A storm dragon (Depths:6)
  A large abomination (Elf:3)
  A draconian monk (Depths:6)
  13 deep elf sorcerers (Elf:3)
  2 tengu reavers (Depths:6)
  2 fire giants
  A frost giant (Depths:4)
  An orc warlord (Orc:4)
  Gastronok (Lair:2)
  9 stone giants
  11 deep elf demonologists
  A black draconian (Depths:6)
  A mottled draconian (Depths:6)
  12 deep elf annihilators (Elf:3)
  2 spriggan air magi
  4 ettins
  6 deep elf death magi (Elf:3)
  2 deep elf high priests (Elf:3)
  A minotaur (Lab)
  3 fire dragons
  5 yaktaur captains
  Fannar (Lair:8)
  14 spriggans
  7 hydras
  3 ice dragons
  Nessos (D:11)
  Erica (D:10)
  3 deep troll earth magi
  2 ogre magi
  A spriggan berserker (Depths:6)
  4 deep troll shamans
  2 vampire magi
  2 rakshasas (Depths:3)
  A tengu warrior (Depths:4)
  4 death yaks (Lair:7)
  Urug (D:12)
  2 very ugly things (D:16)
  8 centaur warriors
  An ice devil (IceCv)
  3 unseen horrors
  A shadow wraith (D:14)
  7 deep elf knights
  3 skeletal warriors (D:12)
  11 deep trolls
  3 iron trolls
  A giant orange brain (D:16)
  6 hill giants
  2 ice statues (IceCv)
  2 spectral elves (Elf:3)
  3 wizards
  3 orc knights
  2 wolf spiders (D:16)
  3 orc sorcerers (Orc:4)
  6 deep elf conjurers (Elf:3)
  2 necromancers (Depths:3)
  3 cyclopes
  A mana viper (shapeshifter) (D:16)
  A griffon (Lair:7)
  4 black mambas
  2 deep elf summoners (Elf:3)
  Maurice (D:12)
  An octopode (Depths:4)
  A spriggan druid (Lair:8)
  A smoke demon (Depths:3)
  A sixfirhy (Elf:3)
  An orange demon (Depths:3)
  2 feature mimics
  2 fire drakes (shapeshifter) (D:16)
  13 spiny frogs
  2 centaur zombies
  14 yaktaurs
  2 demonic crawlers (Elf:3)
  A redback zombie (Depths:3)
  2 komodo dragons
  2 fire drakes (Lair:8)
  A merfolk (shapeshifter) (D:16)
  8 trolls
  Grinder (D:6)
  2 tengu conjurers (Depths:3)
  A red devil (Depths:3)
  A hell beast (Depths:3)
  Sonja (Elf:1)
  A komodo dragon (shapeshifter) (D:16)
  5 deep elf priests
  6 giant fireflies (Lair:8)
  2 centaur skeletons
  10 blue devils
  4 ravens
  A bog body (Swamp:1)
  15 slime creatures
  2 grizzly bears (Lair:8)
  3 two-headed ogres
  2 boulder beetles (Lair:6)
  A raven (shapeshifter) (D:15)
  A fire dragon zombie (Depths:3)
  13 blink frogs
  2 basilisks
  A grizzly bear (shapeshifter) (Depths:4)
  A shadow (D:15)
  2 redbacks
  The ghost of DasRunzen the Sneak, an average VSAs (Sewer)
  A trapdoor spider (D:13)
  A water elemental (Depths:4)
  11 ugly things
  A shark (D:12)
  10 deep elf fighters
  40 yaks
  8 deep elf magi
  2 hungry ghosts
  An elephant slug (Lair:7)
  A human (D:11)
  A steam dragon (D:12)
  6 hippogriffs
  A raven zombie (Depths:3)
  A wolf (shapeshifter) (Depths:3)
  Edmund (D:6)
  28 wolves
  A mottled dragon (D:15)
  A soldier ant (shapeshifter) (Depths:3)
  3 swamp worms (Swamp:1)
  2 necrophages
  5 black bears (Lair:8)
  5 sky beasts
  13 porcupines
  3 phantoms
  A giant goldfish (D:12)
  25 orc warriors
  2 yellow wasps (D:13)
  12 ice beasts
  A small abomination (Elf:3)
  An ice dragon simulacrum (D:15)
  12 centaurs
  9 ogres
  9 crocodiles
  A boring beetle (Lair:7)
  A lost soul (Elf:3)
  8 water moccasins
  3 big kobolds
  7 giant slugs
  9 wargs
  15 giant frogs
  A gnoll sergeant (D:11)
  2 brain worms
  A cyclops zombie (D:13)
  2 insubstantial wisps (D:12)
  3 agate snails
  24 killer bees
  A cyclops skeleton (D:15)
  An eye of draining (D:12)
  A yak skeleton (D:7)
  12 crimson imps
  2 electric eels
  4 goliath beetles
  A giant frog zombie (D:9)
  2 spiders (Elf:2)
  2 big fish
  22 orc priests
  8 hounds
  6 scorpions
  3 iguanas
  2 jellies
  A two-headed ogre skeleton (D:10)
  A giant frog skeleton (D:5)
  17 orc wizards
  A quasit (D:9)
  8 worker ants
  3 sheep (D:13)
  5 boggarts (Depths:4)
  2 ogre skeletons
  A hound skeleton (D:7)
  A spectral human (D:7)
  A mummy (D:6)
  5 gnolls
  11 green rats
  An orc skeleton (D:6)
  11 adders
  2 giant centipedes
  11 white imps (IceCv)
  6 giant mites
  4 ufetubi (IceCv)
  5 worms
  An iguana skeleton (D:7)
  2 grey rats (Sewer)
  5 giant eyeballs
  5 giant geckos
  An ooze (Sewer)
  126 orcs
  3 ball pythons
  13 bats
  A bat zombie (D:5)
  15 goblins
  10 hobgoblins
  9 quokkas
  5 giant cockroaches
  2 giant newts
  4 giant spores
  2 goblin skeletons
  A hobgoblin zombie (D:5)
  3 illusory rakshasas (Depths:3)
  18 jackals
  21 kobolds
  An orc zombie (D:10)
  15 rats
  9 ballistomycetes
  2 crawling corpses (Elf:3)
  A fungus (Orc:4)
  A macabre mass (Elf:3)
  A plant (Lair:8)
1085 creatures vanquished.

Vanquished Creatures (collateral kills)
  A deep elf conjurer (Depths:4)
  A deep elf mage (Elf:2)
2 creatures vanquished.

Vanquished Creatures (others)
  A deep elf knight (Elf:2)
  A deep elf conjurer (Elf:2)
  A deep elf mage (Elf:2)
  8 trapdoor spiders (Elf:2)
  A yak (D:11)
  6 spiders (Elf:2)
  An adder (D:6)
  2 giant mites (Elf:2)
  A white imp (IceCv)
  An ufetubus (IceCv)
  An orc (Orc:2)
  3 giant spores
  2 fungi
  2 plants (Lair:8)
31 creatures vanquished.

Grand Total: 1118 creatures vanquished

Notes
Turn   | Place    | Note
--------------------------------------------------------------
     0 | D:1      | 4tharraofdagon, the Vine Stalker Fire Elementalist, began the quest for the Orb.
     0 | D:1      | Reached XP level 1. HP: 9/9 MP: 3/3
   159 | D:1      | Reached XP level 2. HP: 13/13 MP: 4/6
   285 | D:2      | Found a blossoming altar of Fedhas.
   308 | D:1      | Reached XP level 3. HP: 17/17 MP: 7/7
   524 | D:3      | Reached skill level 1 in Fighting
   533 | D:3      | Noticed Jessica
   617 | D:3      | Reached XP level 4. HP: 22/22 MP: 9/9
   725 | D:4      | Reached skill level 1 in Polearms
   807 | D:4      | Reached skill level 1 in Armour
   821 | D:4      | Learned a level 3 spell: Conjure Flame
   885 | D:4      | Reached XP level 5. HP: 22/25 MP: 11/11
   905 | D:5      | Entered Level 5 of the Dungeon
   994 | D:5      | Found a glowing golden altar of the Shining One.
  1149 | D:5      | Noticed a phantom
  1185 | D:5      | Killed a phantom
  1185 | D:5      | Gained mutation: You heal very quickly. [vine stalker growth]
  1185 | D:5      | Reached XP level 6. HP: 23/30 MP: 12/15
  1318 | D:5      | Found a glowing drain.
  1327 | Sewer    | Entered a sewer
  1386 | Sewer    | Noticed DasRunzen's ghost (average VSAs)
  1392 | Sewer    | Killed DasRunzen's ghost
  1392 | Sewer    | Reached skill level 4 in Fire Magic
  1392 | Sewer    | Reached XP level 7. HP: 32/35 MP: 10/17
  1815 | D:6      | Noticed Menkaure
  2054 | D:6      | Paralysed by a giant eyeball for 3 turns
  2061 | D:6      | Paralysed by a giant eyeball for 4 turns
  2091 | D:6      | Noticed Edmund
  2135 | D:6      | Killed Edmund
  2135 | D:6      | Gained mutation: You have razor-sharp teeth. [vine stalker growth]
  2135 | D:6      | Reached XP level 8. HP: 18/39 MP: 7/20
  2201 | D:6      | Found a staircase to the Ecumenical Temple.
  2269 | Temple   | Entered the Ecumenical Temple
  2308 | Temple   | Became a worshipper of Cheibriados the Contemplative
  2333 | D:6      | Gained mutation: Space occasionally distorts in your vicinity. [mutagenic meat]
  2334 | D:6      | Gained mutation: Your vision is a little blurry. [mutagenic meat]
  2335 | D:6      | :D
  2356 | D:6      | Noticed Grinder
  2376 | D:6      | Killed Grinder
  2417 | D:6      | Learned a level 4 spell: Sticky Flame
  2672 | D:7      | Found a burning altar of Makhleb.
  2686 | D:7      | Reached skill level 5 in Polearms
  2686 | D:7      | Reached XP level 9. HP: 44/44 MP: 13/22
  2721 | D:7      | Noticed 4tharraofdagon's ghost (experienced VSFE)
  2745 | D:7      | Paralysed by a giant eyeball for 3 turns
  2884 | D:7      | Reached skill level 5 in Fire Magic
  2942 | D:7      | Found a basalt altar of Yredelemnul.
  3117 | D:7      | Noticed Sigmund
  3177 | D:9      | Reached skill level 5 in Spellcasting
  3245 | D:9      | Reached skill level 1 in Invocations
  3360 | D:10     | Entered Level 10 of the Dungeon
  3404 | D:10     | Reached skill level 6 in Polearms
  3526 | D:9      | Acquired Cheibriados' first power
  3544 | D:9      | HP: 2/45 [two-headed ogre/giant spiked club (9)]
  3548 | D:9      | WTF
  3549 | D:9      | Reached XP level 10. HP: 5/50 MP: 3/24
  3591 | D:9      | Reached skill level 5 in Conjurations
  3672 | D:10     | Noticed Erica
  3703 | D:10     | Killed Erica
  3889 | D:11     | Noticed Nessos
  3918 | D:11     | Killed Nessos
  3928 | D:11     | Noticed a hill giant
  3958 | D:11     | Killed a hill giant
  3958 | D:11     | Reached skill level 7 in Polearms
  4038 | D:11     | Noticed an unseen horror
  4046 | D:11     | Killed an unseen horror
  4046 | D:11     | Reached skill level 5 in Fighting
  4095 | D:11     | Reached XP level 11. HP: 53/55 MP: 13/26
  4124 | D:11     | Found a labyrinth entrance.
  4126 | D:11     | Found Twulaagy's General Store.
  4128 | D:11     | Twulaagy's General Store was a mimic.
  4139 | Lab      | Entered a labyrinth
  4213 | Lab      | Noticed a minotaur
  4224 | Lab      | Killed a minotaur
  4240 | Lab      | Got a warped buckler
  4240 | Lab      | Identified the Collected Works on Hexes (You found it in a labyrinth)
  4257 | D:11     | Identified the +4 buckler of Frocsof {+Rage} (You found it in a labyrinth)
  4274 | D:11     | Acquired Cheibriados' second power
  4313 | D:11     | Reached skill level 5 in Dodging
  4390 | D:11     | Found a staircase to the Orcish Mines.
  4414 | D:11     | Found a shadowy altar of Dithmengos.
  4445 | D:11     | Acquired Cheibriados' third power
  4445 | D:11     | Reached skill level 1 in Shields
  4467 | D:11     | Found a staircase to the Lair.
  4513 | Lair:1   | Entered Level 1 of the Lair of Beasts
  4569 | Lair:1   | Reached skill level 5 in Armour
  4611 | Lair:1   | Reached skill level 8 in Polearms
  4738 | Lair:2   | Learned a level 5 spell: Fireball
  4748 | Lair:2   | Reached skill level 1 in Evocations
  4824 | Lair:2   | Noticed Gastronok
  4841 | Lair:2   | Killed Gastronok
  4841 | Lair:2   | Gained mutation: You regenerate. [vine stalker growth]
  4841 | Lair:2   | Reached XP level 12. HP: 50/60 MP: 23/28
  5088 | Lair:3   | Found a hole to the Spider Nest.
  5187 | Lair:3   | Reached skill level 5 in Invocations
  5229 | Lair:4   | Noticed an eight-headed hydra
  5240 | Lair:4   | Killed an eight-headed hydra
  5240 | Lair:4   | Reached skill level 9 in Polearms
  5786 | Lair:7   | Noticed a seven-headed hydra
  5791 | Lair:7   | Noticed a death yak
  5792 | Lair:7   | Killed a seven-headed hydra
  5800 | Lair:7   | Killed a death yak
  5800 | Lair:7   | Reached XP level 13. HP: 57/66 MP: 30/30
  5802 | Lair:7   | Noticed a death yak
  5802 | Lair:7   | Noticed a death yak
  5803 | Lair:7   | Noticed a death yak
  5815 | Lair:7   | Killed a death yak
  5818 | Lair:7   | Killed a death yak
  5819 | Lair:7   | Killed a death yak
  5906 | Lair:7   | Reached skill level 10 in Polearms
  5984 | Lair:8   | Entered Level 8 of the Lair of Beasts
  5989 | Lair:8   | Noticed Fannar
  5994 | Lair:8   | Paralysed by Fannar for 4 turns
  6001 | Lair:8   | Killed Fannar
  6176 | Lair:8   | Got a faintly glowing pewter ring
  6234 | Lair:8   | Reached skill level 5 in Evocations
  6379 | Lair:8   | Found a staircase to the Slime Pits.
  6384 | Lair:8   | Identified the ring "Deinan" {+Inv Stlth-} (You found it on level 8 of the Lair of Beasts)
  6463 | Lair:8   | Got a crude crossbow
  6567 | Lair:8   | Reached XP level 14. HP: 72/72 MP: 31/31
  6615 | Lair:8   | Reached skill level 11 in Polearms
  6864 | Lair:6   | Found a staircase to the Swamp.
  6881 | Swamp:1  | Entered Level 1 of the Swamp
  6948 | Swamp:1  | Noticed Agnes
  6950 | Swamp:1  | You fail to use your ability. (x2) = RIP
  6950 | Swamp:1  | HP: 3/72 [eight-headed hydra (3)]
  7005 | Lair:6   | Noticed a six-headed hydra
  7011 | Lair:6   | Killed a six-headed hydra
  7147 | Lair:4   | Identified the +5,+9 crossbow "Oday" {penet, rF+ Str+2} (You found it on level 8 of the Lair of Beasts)
  7554 | D:12     | Identified a scroll of acquirement
  7645 | D:12     | Gained mutation: You have sharp toenails. [mutagenic meat]
  7646 | D:12     | Gained mutation: You have a fast metabolism. [mutagenic meat]
  7699 | D:12     | Noticed Maurice
  7706 | D:12     | Killed Maurice
  7716 | D:12     | Found Karera's Weapon Boutique.
  7743 | D:12     | Noticed Urug
  7755 | D:12     | Killed Urug
  8182 | D:15     | Entered Level 15 of the Dungeon
  8552 | D:14     | Found Feadda's Armour Emporium.
  8585 | D:13     | Found a portal to a secret trove of treasure.
  8767 | Orc:1    | Entered Level 1 of the Orcish Mines
  9244 | Orc:4    | Entered Level 4 of the Orcish Mines
  9249 | Orc:4    | Noticed an orc warlord
  9250 | Orc:4    | Reached skill level 12 in Polearms
  9253 | Orc:4    | Found Kluozeug's Antique Weapon Shoppe.
  9258 | Orc:4    | Killed an orc warlord
  9258 | Orc:4    | Reached XP level 15. HP: 63/78 MP: 5/32
  9303 | Orc:4    | Found Wacuwauzi's Jewellery Emporium.
  9349 | Orc:4    | Found a staircase to the Elven Halls.
  9376 | Orc:4    | Found Saigg's Assorted Antiques.
  9597 | Orc:4    | Found Mafrum's Antique Armour Emporium.
  9649 | Orc:4    | Bought a +4,+5 ring of slaying for 1450 gold pieces
  9685 | Orc:3    | Found a roughly hewn altar of Beogh.
  9757 | Orc:3    | Found a frozen archway.
  9800 | IceCv    | Entered an ice cave
 10033 | IceCv    | Upgraded the game from 0.14-a0-2162-g062a2ce to 0.14-a0-2327-g5ff15cf
 10160 | Elf:1    | Entered Level 1 of the Elven Halls
 10220 | Elf:3    | Entered Level 3 of the Elven Halls
 10241 | Elf:3    | Found Xeaget's Assorted Antiques.
 10462 | Elf:3    | Cast into the Abyss (deep elf demonologist)
 10462 | Abyss:1  | Found an iron altar of Okawaru.
 10505 | Abyss:1  | Found a shimmering altar of Xom.
 10520 | Elf:3    | Escaped the Abyss
 10537 | Elf:3    | Noticed a deep elf sorcerer
 10540 | Elf:3    | Killed a deep elf sorcerer
 10546 | Elf:3    | Noticed a deep elf sorcerer
 10558 | Elf:3    | Killed a deep elf sorcerer
 10695 | Elf:3    | Noticed a deep elf sorcerer
 10705 | Elf:3    | Killed a deep elf sorcerer
 10759 | Elf:3    | Reached skill level 13 in Polearms
 10777 | Elf:3    | Noticed a deep elf sorcerer
 10812 | Elf:3    | Got a transparent bardiche
 10815 | Elf:3    | Identified the +10,+4 bardiche of Amortisation {chop, Str+2} (You took it off a deep elf conjurer on level 3 of the Elven Halls)
 10834 | Elf:3    | Noticed a deep elf blademaster
 10841 | Elf:3    | Killed a deep elf blademaster
 10841 | Elf:3    | Reached XP level 16. HP: 14/84 MP: 14/32
 10844 | Elf:3    | Noticed a deep elf sorcerer
 10845 | Elf:3    | Killed a deep elf sorcerer
 10873 | Elf:3    | Got a bloodstained chain mail
 10893 | Elf:3    | Identified the +2 chain mail of Blai {Dex+2 Int-4} (You took it off a deep elf blademaster on level 3 of the Elven Halls)
 10960 | Elf:3    | Noticed a deep elf master archer
 10980 | Elf:3    | Killed a deep elf master archer
 11058 | Elf:3    | Noticed a deep elf sorcerer
 11064 | Elf:3    | Killed a deep elf sorcerer
 11076 | Elf:3    | Got a steaming copper ring
 11097 | Elf:3    | Identified the ring "Clupp" {Hunger- rC+} (You took it off a deep elf sorcerer on level 3 of the Elven Halls)
 11105 | Elf:3    | Noticed a deep elf sorcerer
 11137 | Elf:3    | Killed a deep elf sorcerer
 11139 | Elf:3    | Got a slimy tin amulet
 11170 | Elf:3    | Noticed a deep elf sorcerer
 11189 | Elf:3    | Noticed a deep elf sorcerer
 11197 | Elf:3    | Killed a deep elf sorcerer
 11209 | Elf:3    | Killed a deep elf sorcerer
 11251 | Elf:3    | Killed a deep elf sorcerer
 11252 | Elf:3    | Noticed a deep elf sorcerer
 11253 | Elf:3    | Noticed a deep elf sorcerer
 11261 | Elf:3    | Killed a deep elf sorcerer
 11319 | Elf:3    | Killed a deep elf sorcerer
 11333 | Elf:3    | Reached skill level 10 in Invocations
 11335 | Elf:3    | Reached skill level 10 in Fighting
 11445 | Elf:3    | Noticed a deep elf sorcerer
 11450 | Elf:3    | Noticed a deep elf sorcerer
 11566 | Elf:3    | Killed a deep elf sorcerer
 11581 | Elf:3    | Killed a deep elf sorcerer
 11659 | Elf:3    | Noticed a deep elf master archer
 11662 | Elf:3    | Killed a deep elf master archer
 11741 | Elf:3    | Learned a level 3 spell: Regeneration
 11744 | Elf:3    | Learned a level 2 spell: Repel Missiles
 11747 | Elf:3    | Learned a level 2 spell: Shroud of Golubria
 11764 | Elf:3    | Identified the Almanac of Conjuration and Boosts (You found it on level 3 of the Elven Halls)
 11768 | Elf:3    | Learned a level 2 spell: Song of Slaying
 11796 | Elf:3    | Identified the Papyrus of Poisoning and Clay (You found it on level 3 of the Elven Halls)
 11800 | Elf:3    | Learned a level 2 spell: Cure Poison
 11828 | Elf:3    | Got a faintly glowing cloak
 11833 | Elf:3    | Reached skill level 14 in Polearms
 11855 | Elf:3    | Learned a level 3 spell: Flight
 11873 | Elf:3    | Identified the cursed -3 cloak of Ugreejad {Str+1 Int+4} (You found it on level 3 of the Elven Halls)
 12198 | Elf:2    | Noticed Nikola
 12206 | Elf:2    | Noticed Jorgrun
 12217 | Elf:2    | Killed Nikola
 12217 | Elf:2    | Reached XP level 17. HP: 67/89 MP: 25/33
 12249 | Elf:1    | Noticed Sonja
 12263 | Elf:1    | Killed Sonja
 12379 | Orc:4    | Bought an uncursed ring of sustain abilities for 210 gold pieces
 12379 | Orc:4    | Bought the ring of Pops {rC+ SInv} for 348 gold pieces
 12811 | D:13     | Got a dazzling ring mail
 12834 | D:13     | Identified the +3 ring mail of Briadwuc {Str-2 Dex-1} (You found it on level 13 of the Dungeon)
 12980 | D:15     | Found a gate to the Vaults.
 13237 | D:15     | Found a deep blue altar of Sif Muna.
 13265 | D:15     | Reached skill level 1 in Charms
 13335 | D:16     | Entered Level 16 of the Dungeon
 13367 | D:16     | Identified the amulet "Cliotwib" {Clar Acc-6 Dam-1 SInv} (You took it off a deep elf sorcerer on level 3 of the Elven Halls)
 13377 | D:16     | Reached skill level 1 in Necromancy
 13518 | D:16     | MANA VIP{ER?HMM
 13526 | D:16     | Reached skill level 10 in Evocations
 13545 | D:16     | Found a staircase to the Depths.
 13751 | Depths:1 | Entered Level 1 of the Depths
 13803 | Depths:1 | Found a gateway to a ziggurat.
 13990 | Depths:3 | Found a one-way gate leading to the halls of Pandemonium.
 14053 | Depths:3 | Gained mutation: You can spit poison. [mutagenic meat]
 14055 | Depths:3 | Gained mutation: You are partially covered in yellow scales (AC +2). [mutagenic meat]
 14174 | Depths:3 | Found a gateway to Hell.
 14432 | Depths:5 | Noticed a tentacled monstrosity
 14437 | Depths:5 | Killed a tentacled monstrosity
 14437 | Depths:5 | Reached XP level 18. HP: 89/95 MP: 34/34
 14453 | Depths:4 | Found a one-way gate to the infinite horrors of the Abyss.
 14627 | Depths:4 | Reached skill level 5 in Necromancy
 14646 | Depths:4 | Identified Vehumet's Compendium of Axaxaxas mlö
 14774 | Depths:5 | Reached skill level 15 in Polearms
 14777 | Depths:6 | Entered Level 6 of the Depths
 14780 | Depths:6 | Reached skill level 10 in Armour
 14837 | Depths:6 | Reached skill level 10 in Dodging
 14913 | Depths:6 | Noticed a tentacled monstrosity
 14922 | Depths:6 | Killed a tentacled monstrosity
 15118 | Depths:6 | Noticed Sojobo
 15131 | Depths:6 | Killed Sojobo
 15248 | Depths:6 | Killed from afar by a spriggan air mage

Action                   |  1- 3 |  4- 6 |  7- 9 | 10-12 | 13-15 | 16-18 || total
-------------------------+-------+-------+-------+-------+-------+-------++-------
Melee: Dagger            |    20 |       |       |       |       |       ||    20
       Halberd           |    34 |       |       |       |       |       ||    34
       Spear             |    24 |   143 |   354 |   409 |   426 |       ||  1356
       Bardiche          |       |       |       |       |   493 |   565 ||  1058
 Cast: Flame Tongue      |    16 |     5 |    82 |    30 |     3 |       ||   136
       Conjure Flame     |       |       |     5 |    29 |    21 |    16 ||    71
       Sticky Flame      |       |       |     4 |    29 |    18 |     5 ||    56
       Fireball          |       |       |       |     3 |     4 |       ||     7
       Regeneration      |       |       |       |       |       |    25 ||    25
       Repel Missiles    |       |       |       |       |       |    21 ||    21
Invok: Slouch            |       |       |       |       |    15 |    25 ||    40
       Bend Time         |       |       |       |       |     3 |       ||     3
Evoke: Wand              |       |     2 |     4 |    15 |     6 |    22 ||    49
       Sack of spiders   |       |       |       |       |       |     8 ||     8
  Use: Potion            |     2 |       |     6 |     3 |     3 |     9 ||    23
       Scroll            |     2 |     1 |    10 |    16 |    25 |    13 ||    67
 Stab: Sleeping          |       |       |       |     2 |     3 |     2 ||     7
